 Dungeon Crawl Stone Soup version 0.31-a0-1165-g196b491b36 (webtiles) character file.

Game seed: 6637639274391091313

506 CowFu the Stinger (level 6, -4/34 HPs)
             Began as a Deep Elf Venom Mage on Dec 9, 2023.
             Was an Initiate of Makhleb.
             Splashed by a jelly's acid (7 damage)
             ... on level 5 of the Dungeon.
             The game lasted 00:08:26 (4884 turns).

CowFu the Stinger (Deep Elf Venom Mage)             Turns: 4884, Time: 00:08:27

Health: -4/34      AC: -4    Str:  5    XL:     6   Next: 97%
Magic:  8/12       EV: 18    Int: 22    God:    Makhleb [......]
Gold:   252        SH:  0    Dex: 15    Spells: 8/11 levels left

rFire   + . .        a - +1 dagger (drain)
rCold   + . .        (no shield)
rNeg    . . .        d - +0 robe
rPois   .            (no helmet)
rElec   .            o - scarf {rC+ rF+}
rCorr   .            r - +0 pair of gloves
SInv    .            l - +0 pair of boots
Will    .....        (no amulet)
Stlth   ++           k - +5 ring of evasion
HPRegen 0.25/turn    (no ring)
MPRegen 0.13/turn

%: no passive effects
@: corroded
A: no striking features
a: Renounce Religion


You were on level 5 of the Dungeon.
You worshipped Makhleb.
Makhleb was noncommittal.
You visited 2 branches of the dungeon, and saw 6 of its levels.
You also visited: Sewer.

You collected 252 gold pieces.

Inventory:

Hand Weapons
 a - a +1 dagger of draining (weapon)
 b - a +3 sling
Armour
 d - a +0 robe (worn)
 l - a +0 pair of boots (worn)
 o - a scarf of resistance (worn)
 r - a +0 pair of gloves (worn)
 v - a scarf of harm
Jewellery
 h - a +6 ring of dexterity
 k - a +5 ring of evasion (left hand)
 t - a ring of protection from cold
Wands
 x - a wand of paralysis (9)
 y - a wand of light (3)
Scrolls
 c - a scroll of revelation
 j - 2 scrolls of teleportation
 m - a scroll of fog {unknown}
Potions
 e - 3 potions of curing
 f - 3 potions of lignification
 g - 3 potions of might
 i - 2 potions of enlightenment
 n - 3 potions of magic
 p - a potion of attraction {unknown}
 q - a potion of invisibility {unknown}
 s - a potion of berserk rage {unknown}
 u - a potion of haste {unknown}
 w - a potion of mutation {unknown}
 z - a potion of heal wounds {unknown}


   Skills:
 + Level 1.2 Fighting
 + Level 2.1 Ranged Weapons
 + Level 3.3 Dodging
 - Level 2.4 Stealth
 - Level 3.0 Spellcasting
 - Level 1.1 Transmutations
 + Level 7.9 Poison Magic


You had 8 spell levels left.
You knew the following spells:

 Your Spells              Type           Power      Damage    Failure   Level
a - Sting                 Tmut/Pois      92%        1d7       1%          1
b - Poisonous Vapours     Pois/Air       40%        N/A       3%          2

Your spell library contained the following spells:

 Spells                   Type           Power      Damage    Failure   Level
 Olgreb's Toxic Radiance  Pois           38%        N/A       4%          4
 Freeze                   Ice            12%        1d3       12%         1
 Summon Small Mammal      Summ           12%        N/A       12%         1
 Mephitic Cloud           Conj/Pois/Air  14%        N/A       13%         3
 Call Canine Familiar     Summ           3%         N/A       36%         3
 Dazzling Flash           Conj/Hex       6%         N/A       36%         3
 Frozen Ramparts          Ice            6%         1d1       36%         3
 Hailstorm                Conj/Ice       3%         3d5       36%         3
 Summon Guardian Golem    Hex/Summ       3%         N/A       36%         3
 Agony                    Necr           3%         N/A       98%         5
 Silence                  Hex/Air        1%         N/A       98%         5


Dungeon Overview and Level Annotations

Branches:
Dungeon (5/15)             Temple (1/1) D:4           Sewer (visited)

Altars:
Cheibriados
Dithmenos
Elyvilon
Kikubaaqudgha
Makhleb
Nemelex Xobeh
Ru
Uskayaw
Wu Jian
Xom
Yredelemnul
The Shining One

Shops:
D:1 =


Message History

The water moccasin completely misses you.
The water moccasin bites you. The jelly misses you.
You barely miss the water moccasin.
The water moccasin is heavily wounded.
The water moccasin bites you.
You are poisoned.
The water moccasin poisons you! The jelly hits you but does no damage.
You closely miss the water moccasin.
The water moccasin is heavily wounded.
You feel very sick. The water moccasin barely misses you. The jelly misses you.
The water moccasin misses you.
You hit the water moccasin.
The water moccasin is severely wounded.
You feel sick. The water moccasin barely misses you.
The jelly barely misses you.
You hit the water moccasin. Your punch misses the water moccasin.
The water moccasin is almost dead.
You feel sick. The water moccasin closely misses you. The jelly misses you.
You barely miss the water moccasin.
The water moccasin is almost dead.
You feel sick.
You kill the water moccasin!
Makhleb accepts your kill. The jelly hits you. The acid corrodes you!
You are splashed with acid!
* * * LOW HITPOINT WARNING * * *
Your Fighting skill increases to level 1!
Your Ranged Weapons skill increases to level 2!
Your Dodging skill increases to level 3!
You feel better. The jelly hits you.
* * * LOW HITPOINT WARNING * * *
You are splashed with acid!
* * * LOW HITPOINT WARNING * * *
You feel better. The jelly closely misses you.
You hit the jelly but do no damage. The acid corrodes you!
Your hands burn!
* * * LOW HITPOINT WARNING * * *
The jelly hits you.
* * * LOW HITPOINT WARNING * * *
You are splashed with acid!
You die...

####### ......
#....# ####....#
..#....##.# #
#.#.......# #
..##.##$#J#######.#
.......†@..........
...................
.....##.#.#<....#..
##.. ...#.#.##### .
.....#.#..
#######.#### #.#
#.# ..#


You could see a jelly.

Vanquished Creatures
  A water moccasin (D:5)
  Blork the orc (D:4)
  A hound (D:4)
  Jessica (D:3)
  An orc wizard (D:3)
  A hell rat (Sewer)
  4 gnolls
  3 adders
  2 river rats (Sewer)
  2 worms
  4 dart slugs
  7 orcs (D:3)
  9 ball pythons
  8 endoplasms
  A giant cockroach (D:1)
  6 goblins
  7 hobgoblins
  3 jackals (D:3)
  11 kobolds
  A quokka (D:4)
  4 bats
  2 frilled lizards
  13 rats
93 creatures vanquished.

Vanquished Creatures (collateral kills)
  The ghost of kd29 the Changeling, a weakling DgSh (D:3)
1 creature vanquished.

Grand Total: 94 creatures vanquished

Notes
Turn   | Place    | Note
-------+----------+-------------------------------------------
     0 | D:1      | CowFu the Deep Elf Venom Mage began the quest for the Orb.
     0 | D:1      | Reached XP level 1. HP: 10/10 MP: 6/6
   278 | D:1      | Reached XP level 2. HP: 15/15 MP: 1/8
   362 | D:1      | Reached skill level 4 in Poison Magic
   387 | D:1      | Found a faded altar of an unknown god.
   669 | D:1      | Found Viesalit's Jewellery Shoppe.
   858 | D:1      | Learned a level 2 spell: Poisonous Vapours
   887 | D:2      | Found an ancient bone altar of Kikubaaqudgha.
  1089 | D:2      | Reached XP level 3. HP: 19/19 MP: 6/9
  1262 | D:2      | Reached skill level 5 in Poison Magic
  1369 | D:2      | Reached XP level 4. HP: 19/24 MP: 0/10
  2103 | D:3      | Found a snail-covered altar of Cheibriados.
  2164 | D:3      | Found a glowing drain.
  2184 | D:3      | Reached skill level 6 in Poison Magic
  2206 | Sewer    | Entered a sewer
  2315 | Sewer    | Reached XP level 5. HP: 16/27 MP: 11/11
  2631 | D:3      | Noticed Jessica
  2636 | D:3      | Killed Jessica
  2637 | D:3      | Reached skill level 7 in Poison Magic
  3022 | D:3      | Found a large runed translucent door.
  3022 | D:3      | Found a large runed translucent door.
  3024 | D:3      | Noticed kd29's ghost (weakling DgSh)
  3332 | D:3      | Killed kd29's ghost
  3333 | D:3      | Reached XP level 6. HP: 28/32 MP: 5/12
  3616 | D:4      | Noticed Blork the orc
  3617 | D:4      | Found a staircase to the Ecumenical Temple.
  3630 | D:4      | Killed Blork the orc
  3631 | D:4      | Reached skill level 1 in Ranged Weapons
  3641 | Temple   | Entered the Ecumenical Temple
  3646 | Temple   | Became a worshipper of Makhleb the Destroyer
  4366 | D:4      | Found a glowing golden altar of the Shining One.
  4861 | D:5      | Entered Level 5 of the Dungeon
  4864 | D:5      | Noticed a water moccasin
  4881 | D:5      | Killed a water moccasin
  4882 | D:5      | Reached skill level 1 in Fighting
  4882 | D:5      | HP: 1/34 [acid (9)]
  4884 | D:5      | Splashed by a jelly's acid

Illustrated notes

Levels and vault maps discovered:
D:1:      giann_wishing_wells, layout_loops_ring, serial_shops,
          nicolae_shop_behind_doors, hellmonk_ecumenical_altar_inner_sanctum,
          chequers_mini_garden
D:2:      layout_loops_ring, basic_altar, minmay_indecisive_spiral
D:3:      layout_basic, kennysheep_slug_shrine, cheibrodos_sewer_entry_bend,
          ebering_ghost_disaster_area, guppyfry_early_orc_mine, uniq_jessica
D:4:      layout_gridville, nicolae_tso_carved_into_rock,
          minmay_temple_entry_antechambers, uniq_blork_the_orc
D:5:      layout_basic, serial_library_hellmonk_room_c, uniq_edmund
Temple:   nicolae_temple_ecumenical_triangle

Skill      XL: |  1  2  3  4  5  6 |
---------------+-------------------+-----
Poison Magic   | 4 5 6 7 |  7.9
Ranged Weapons | 2 |  2.1
Fighting       | 1 |  1.2
Dodging        | 3 |  3.3
Stealth        | |  2.4
Spellcasting   | |  3.0
Transmutations | |  1.1

Action                     |  1- 3 |  4- 6 || total
---------------------------+-------+-------++-------
  Melee: Dagger            |     3 |    12 ||    15
   Fire: Sling             |    34 |   100 ||   134
   Cast: Sting             |    41 |    28 ||    69
         Poisonous Vapours |     4 |    81 ||    85
    Use: Scroll            |       |     9 ||     9
         Potion            |       |     2 ||     2
 Armour: Robe              |     6 |    58 ||    64
  Dodge: Dodged            |    34 |    99 ||   133

Table legend: (Time is in decaauts)
 A = Elapsed time spent in this place.
 B = Non-inter-level travel time spent in this place.
 C = Inter-level travel time spent in this place.
 D = Time resting spent in this place.
 E = Time spent auto-exploring this place.
 F = Levels seen in this place.
 G = Mean time per level.
                   A        B        C        D        E       F      G
               +--------+--------+--------+--------+--------+-----+--------+
         Total |   4958 |   4868 |     90 |     35 |   3963 |   7 |  708.3 |
       Dungeon |   4633 |   4547 |     86 |     35 |   3718 |   5 |  926.6 |
        Temple |    105 |    101 |      4 |      0 |     95 |   1 |  105.0 |
         Sewer |    219 |    219 |      0 |      0 |    149 |   1 |  219.0 |
               +--------+--------+--------+--------+--------+-----+--------+

Top non-repeatable levels by time:
     D:4: 1371 daAuts
     D:3: 1189 daAuts
     D:1: 1030 daAuts
     D:2: 1019 daAuts
   Sewer: 219 daAuts
  Temple: 105 daAuts
     D:5: 22 daAuts
